Cogmind - Beta 13 @@@ ROGUE MODE // 2024.04.07 @ 00:17:18 Player: Ghosty Result: Self-destructed Performance ------------- Evolutions (1) 500 Regions Visited (2) 400 Robots Destroyed (13) 65 Value Destroyed (488) 488 Prototype IDs (1) 20 Alien Tech Used (0) 0 Bonus (0) 0 TOTAL SCORE: 1473 Bonus ------- None Cogmind --------- Core Integrity 14/400 Matter 300/300 Energy 210/250 System Corruption 0% Temperature Cool (0) Movement Core (200) Ox3 Location -9/Materials Parts ------- > --- POWER (1) -------- Ion Engine > --- PROPULSION (3) --- (None) > --- UTILITY (2) ------ Small Storage Unit Improved Terrain Scanner > --- WEAPON (3) ------- (None) > --- INVENTORY (8) ---- Ion Engine Light Treads Small Matter Pod (50) Peak State ------------ > --- POWER ------------ (None) > --- PROPULSION ------- Aluminum Leg Aluminum Leg > --- UTILITY ---------- Small Storage Unit Improved Terrain Scanner > --- WEAPON ----------- EM Pulse Gun Improved EM Shotgun Particle Gun > --- INVENTORY -------- Ion Engine Ion Engine [Rating: 12] Favorites ----------- Power Ion Engine Engine Ion Engine Power Core Light Nuclear Core Propulsion Aluminum Leg Treads Light Treads Leg Aluminum Leg Wheel Wheel Utility Small Storage Unit Device Heat Sink Storage Small Storage Unit Weapon Assault Rifle Energy Gun Particle Gun Ballistic Gun Assault Rifle Launcher Grenade Launcher Build | -11 -10 -9 ------- Run | Yrd Mat Mat Slots Evolved 2 | . . 2 Power . | . . . Propulsion 1 | . . 1 Utility . | . . . Weapon 1 | . . 1 Parts Attached 28 | 7 7 14 Power 6 | 1 2 3 Engine 5 | 1 1 3 Core 1 | . 1 . Reactor . | . . . Propulsion 10 | 3 3 4 Treads 2 | 2 . . Leg 6 | . 2 4 Wheel 2 | 1 1 . Hover . | . . . Flight . | . . . Utility 3 | 1 1 1 Device 2 | . 1 1 Storage 1 | 1 . . Processor . | . . . Hackware . | . . . Protection . | . . . Artifact . | . . . Weapon 9 | 2 1 6 Energy Gun 4 | . 1 3 Energy Cannon . | . . . Ballistic Gun 4 | 2 . 2 Ballistic Cannon . | . . . Launcher 1 | . . 1 Special Weapon . | . . . Impact Weapon . | . . . Slashing Weapon . | . . . Piercing Weapon . | . . . Special Melee Weapon . | . . . Unidentified Prototypes 1 | . . 1 Parts Lost 17 | . 1 16 Power 3 | . 1 2 Propulsion 6 | . . 6 Utility 1 | . . 1 Weapon 7 | . . 7 Highest Loss Streak 10 | . 1 10 To Critical Strikes . | . . . Average Slot Usage (%) 78 | . 88 67 Engine 8 | . 11 4 Treads 8 | . 16 . Leg 15 | . 9 21 Wheel 1 | . 2 . Device 4 | . 3 4 Storage 12 | . 14 11 Energy Gun 11 | . 6 18 Ballistic Gun 13 | . 21 3 Launcher 1 | . . 3 Naked Turns . | . . . Heaviest Build 19 | 14 16 19 Greatest Support 40 | 40 40 30 Greatest Overweight (x) 4 | . 1 4 Average Overweight (x) . | . . . Largest Inventory Capacity 8 | 8 8 8 Average Capacity 7 | 6 8 8 Most Carried 8 | 7 8 8 Average Carried 5 | 4 7 4 Final Capacity 8 | 8 8 8 Final Carried 8 | 6 8 3 Class Distribution -------------------- 71% | Mutant 15% | Gunner 9% | Scavenger-Gunner 3% | Skirmisher Dominant Class ---------------- Mutant | -10/Materials Gunner | -9/Materials Resources | -11 -10 -9 ----------- Run | Yrd Mat Mat Matter Collected 528 | 134 192 202 Remotely . | . . . Salvage Created 450 | . 192 258 Parts 34 | . 12 22 Haulers Intercepted . | . . . Recyclers Shooed . | . . . Parts Field Recycled . | . . . Retrieved Matter . | . . . Parts Self-Destructed . | . . . Prevented . | . . . Kills | -11 -10 -9 ------- Run | Yrd Mat Mat Combat Hostiles Destroyed 11 | . 5 6 Melee 1 | . . 1 Guns 9 | . 5 4 AOE 1 | . . 1 Classes Destroyed 4 | . 1 3 Worker 1 | . . 1 Watcher 1 | . . 1 Grunt 7 | . 5 2 Sentry 4 | . . 4 Best Kill Streak 3 | . 2 3 Combat Bots Only 2 | . 2 2 Max Kills in Single Turn 2 | . 1 2 Gunslinging . | . . . Exploded 1 | . . 1 Melee 1 | . . 1 Uniques/NPCs Destroyed . | . . . Combat | -11 -10 -9 -------- Run | Yrd Mat Mat Hostile Shots Fired 183 | . 36 147 Missed 45 | . 8 37 Damage Taken 1917 | . 351 1566 Core 443 | . 57 386 Absorbed by Shields . | . . . Core Remaining (%) 88 | 100 77 . Volleys Fired 62 | . 36 26 Largest 3 | . 2 3 Hottest 150 | . 85 150 Shots Fired 124 | . 72 52 Gun 117 | . 72 45 Cannon . | . . . Launcher 7 | . . 7 Special . | . . . Kinetic 63 | . 51 12 Thermal 39 | . 21 18 Explosive 7 | . . 7 Electromagnetic 15 | . . 15 Robot Hit Streak 8 | . 5 8 Robot Miss Streak 4 | . 4 4 Penetration Max . | . . . Secondary Targets 1 | . 1 . Max Gunslinging Chain 1 | . 1 . Shots Hit Robots 29 | . 15 14 Core Hits 30 | . 10 20 Critical Kills . | . . . Critical Parts Destroyed 2 | . 2 . Critical Strikes 2 | . 2 . Destroy 2 | . 2 . Melee Attacks . | . . . Impact . | . . . Slashing . | . . . Piercing . | . . . Sneak Attacks . | . . . Combat Hostiles . | . . . Follow-up Attacks . | . . . Damage Inflicted 882 | . 351 531 Guns 590 | . 351 239 Cannons . | . . . Explosions 179 | . . 179 Melee . | . . . Ramming 113 | . . 113 Kinetic 241 | . 214 27 Thermal 198 | . 137 61 Explosive 179 | . . 179 Electromagnetic 151 | . . 151 Impact . | . . . Slashing . | . . . Piercing . | . . . Highest Corruption . | . . . Average Corruption . | . . . Corruption Purged . | . . . Corruption Blocked . | . . . Overload Shots . | . . . Overflow Damage . | . . . Projectiles . | . . . Explosions . | . . . Melee . | . . . Knockbacks . | . . . Impact . | . . . Kinetic . | . . . Secondary . | . . . Self-Inflicted Damage 19 | . . 19 Shots 1 | . . 1 Rammed 3 | . . 3 Targets Rammed 54 | . . 54 Kicked 51 | . . 51 Crushed . | . . . Highest Temperature 272 | . 272 162 Average Temperature 80 | . 122 39 Received Heat Transfer 795 | . 189 606 Siege Activations . | . . . Robots Corrupted . | . . . Combat Hostiles . | . . . Parts Fried 1 | . . 1 Impact Corruptions . | . . . Robots Melted . | . . . Combat Hostiles . | . . . Parts Melted . | . . . Heat Transferred 481 | . 333 148 Parts Sabotaged . | . . . Parts Stolen . | . . . Parts Stripped . | . . . Power Chain Reactions . | . . . Alert | -11 -10 -9 ------- Run | Yrd Mat Mat Peak Influence 233 | . 131 233 Initial 55 | . . 55 Average 74 | . 33 138 Maximum Alert Level 1 | . . 1 Low Security (%) 96 | 100 100 91 Level 1 3 | . . 8 Level 2 . | . . . Level 3 . | . . . Level 4 . | . . . Level 5 . | . . . High Security . | . . . Max Security . | . . . Squads Dispatched 2 | . 2 . Investigation 1 | . 1 . Extermination . | . . . Reinforcement 1 | . 1 . Assault . | . . . Garrison . | . . . Intercept . | . . . Searches Triggered . | . . . Construction Impeded . | . . . Haulers Reinforced . | . . . Active Scanning Responses . | . . . Cargo Convoy Interrupts . | . . . Stealth | -11 -10 -9 --------- Run | Yrd Mat Mat Distress Signals . | . . . Communications Jammed . | . . . Distress Signals . | . . . Times Spotted 23 | . 9 14 Peak Tracking Total 7 | . 3 7 Tactical Retreats . | . . . Traps | -11 -10 -9 ------- Run | Yrd Mat Mat Traps Triggered 1 | . 1 . Indirectly . | . . . Trap Hack Attempts . | . . . Triggered . | . . . Disarmed . | . . . Reprogrammed . | . . . Reused . | . . . Traps Extracted . | . . . Installed . | . . . Triggered . | . . . Machines | -11 -10 -9 ---------- Run | Yrd Mat Mat Machines Disabled 4 | . 1 3 Max in Single Turn 2 | . 1 2 Machines Repaired . | . . . Machines Dismantled . | . . . Machines Sabotaged . | . . . Overloaded Fab Kills . | . . . Hacking | -11 -10 -9 --------- Run | Yrd Mat Mat Machines Accessed 1 | . 1 . Terminals . | . . . Fabricators . | . . . Repair Stations . | . . . Recycling Units 1 | . 1 . Scanalyzers . | . . . Garrison Access . | . . . Total Hacks 1 | . 1 . Successful 1 | . 1 . Failed . | . . . Catastrophic . | . . . Database Lockouts . | . . . Manual . | . . . Terminals . | . . . Fabricators . | . . . Repair Stations . | . . . Recycling Units 1 | . 1 . Scanalyzers . | . . . Garrison Access . | . . . Terminal Hacks . | . . . Fabricator Hacks . | . . . Repair Station Hacks . | . . . Recycling Unit Hacks 1 | . 1 . Report Inventory 1 | . 1 . Scanalyzer . | . . . Garrison Access Hacks . | . . . Unauthorized Hacks . | . . . Terminals . | . . . Fabricators . | . . . Repair Stations . | . . . Recycling Units . | . . . Scanalyzers . | . . . Garrison Access . | . . . Data Cores Recovered . | . . . Used . | . . . Hacking Detections 1 | . 1 . Full Trace Events . | . . . Feedback Events . | . . . Feedback Blocked . | . . . Robot Schematics Acquired . | . . . Robots Built . | . . . Authchips . | . . . Time . | . . . Total Robot Build Rating . | . . . Part Schematics Acquired . | . . . Parts Built . | . . . Authchips . | . . . Time . | . . . Total Part Build Rating . | . . . Parts Repaired . | . . . Time . | . . . Parts Recycled . | . . . Recycled Matter . | . . . Retrieved Matter . | . . . Retrieved Components . | . . . Parts Scanalyzed . | . . . Part Schematics Acquired . | . . . Parts Damaged . | . . . Bothacking | -11 -10 -9 ------------ Run | Yrd Mat Mat Used RIF Installer . | . . . Robots Hacked . | . . . Non-combat . | . . . Combat . | . . . Robot Hacks Applied . | . . . Relay Couplers Released . | . . . Fabnet Peak Effective % . | . . . Robots Rewired . | . . . Allies Hacked . | . . . Hacks Repelled . | . . . Allies | -11 -10 -9 -------- Run | Yrd Mat Mat Total Allies . | . . . Largest Group . | . . . Highest-Rated Group . | . . . Highest-Rated Ally . | . . . Total Orders . | . . . Ally Attacks . | . . . Total Damage . | . . . Kills . | . . . Allies Corrupted . | . . . Allies Melted . | . . . Intel | -11 -10 -9 ------- Run | Yrd Mat Mat Robot Analysis Total . | . . . Derelict Logs Recovered . | . . . Drone Launches . | . . . Drone Recoveries . | . . . Exploration | -11 -10 -9 ------------- Run | Yrd Mat Mat Turns Passed 1248 | 110 620 518 Spaces Moved 723 | 73 357 293 Core 72 | 15 . 57 Treads 241 | 46 195 . Legs 350 | . 114 236 Wheels 60 | 12 48 . Hover . | . . . Flight . | . . . Fastest Speed 50 | 50 80 100 Average Speed 130 | 124 138 122 Slowest Speed 250 | 160 160 250 Overloaded Moves . | . . . Propulsion Burnouts . | . . . Robots Hopped . | . . . Cave-ins Triggered . | . . . Exploration Rate (%) 17 | 6 21 24 Regions Visited 2 Branch Regions . Pre-discovered Areas . | . . . Known Exits Taken . | . . . Unknown Exits Taken 2 | 1 1 . Scrap Searched . | . . . Spaces Dug 4 | . . 4 Terrain Destroyed 36 | . . 36 Melee . | . . . Projectile . | . . . AOE 36 | . . 36 Terrain Rammed . | . . . Walls Destroyed . | . . . Machines Disabled . | . . . Actions | -11 -10 -9 --------- Run | Yrd Mat Mat Total 904 | 91 413 400 Wait . | . . . Move 721 | 72 356 293 Hop . | . . . Pick Up 27 | 11 7 9 Fast Attach 6 | 2 3 1 Attach 19 | 4 3 12 Detach 1 | . . 1 Swap 3 | 1 1 1 Drop 11 | 1 7 3 Fire 62 | . 36 26 Melee . | . . . Ram 3 | . . 3 Kick 51 | . . 51 Crush . | . . . Escape Stasis . | . . . Rewire . | . . . Trap . | . . . Miscellaneous . | . . . Route ------- -11/Scrapyard -10/Materials -9/Materials History --------- Turn | Location | Event 10 | -11/Scrapyard | Discovered new exit (range 15) 111 | -11/Scrapyard | Entered Materials 302 | -10/Materials | Build established: Mutant 720 | -10/Materials | Discovered new exit (range 9) 731 | -10/Materials | Entered another Materials area 731 | -9/Materials | Evolved 2 slots: Propulsion x1, Weapon x1 923 | -9/Materials | Core integrity fell below 50% 965 | -9/Materials | Lost 10 parts (1p4n1u4w) 1232 | -9/Materials | Core integrity fell below 20% 1249 | -9/Materials | Self-destructed Last Messages --------------- 01195_ K-01 Serf collects debris. 01195_ Acquired 17 matter. 01196_ C-30 ARC bursts open, deploying its payload. 01196_ G-47 Trooper unfolds itself. 01196_ G-34 Mercenary unfolds itself. 01199_ K-01 Serf collects debris. 01204_ Acquired 27 matter. 01206_ K-01 Serf collects debris. 01206_ Acquired Lgt. Treads. 01210_ U-05 Engineer repairs door. 01210_ EM Pulse Gun destroyed. 01212_ K-01 Serf collects debris. 01214_ Imp. EM Shotgun destroyed. 01219_ T-07 Excavator is excavating. 01229_ Aluminum Leg destroyed. 01238_ U-05 Engineer lays Concrete. 01241_ Aluminum Leg destroyed. 01243_ M-13 Machinist repairs G-47 Trooper. 01245_ Particle Gun destroyed. 01247_ U-05 Engineer lays Concrete. Map ----- +----------------------------------------------------+ | ??????# #??????????????????????????????????????? | | ??????# #??????????????????????????????????????? | | ??????# #??????????????????????????????????????? | | ??????# #??????????????????????????????????????? | | ??????# #??????????????????????????????????????? | | ??????# #??????????????????????????????????????? | | ??????# #??????????????????????????????????????? | | ??????# #??????????????????????????????????????? | | ??????# #??????????????????????????????????????? | | ??????# #??????????????????????????????????????? | | ??????# #??????????????????????????????????????? | | #?#???# #??????????????????????????????????????? | | ? ???# #??????????????????????????????????????? | | """"??# #??????????????????????????????????????? | | """" ?# #??????????????????????????????????????? | | """" ?# #??????????????????????????????????????? | | "%" # #??????????????????????????????????????? | | """" # # ?????????????????????????????????????? | | """" / = +??????????????????????????????????????? | | """" #! #???????????????###????????????????????? | | # #?????? ???????? #????????????????????? | | ####### ###????????????? #????????????????????? | | ?????# ############### ########??????????????? | | ?????# ! m g ?????????????? | | ?????# %= g #????????????????????? | | ????## [! s @ #????????????????????? | | ?????# ###+########## #????????????????????? | | ?????## ##????????#???# #????????????????????? | | ??????# #?????????????# #????????????????????? | | ??????# #?????????????# #????????????????????? | | ??????# #??????"??????# #????????????????????? | | ??????# #?????????????# #????????????????????? | | ??????# #?????????????# #????????????????????? | | ??????# #?????????????+ +????????????????????? | | ? ????# #?????????????? #????????????????????? | | ??????# #?????????????? #????????????????????? | | ??????# #??? ?????????? #????????????????????? | | ??????# #?????????????? s#????????????????????? | | ??????# #??????????????ss #????????????????????? | | ??????? ??????????????? #????????????????????? | | ????????????????????????? ?????????????????????? | | ?????????????????????????????????????????????????? | | ?????????????????????????????????????????????????? | | ?????????????????????????????????????????????????? | | ?????????????????????????????????????????????????? | | ?????????????????????????????????????????????????? | | ?????????????????????????????????????????????????? | | ?????????????????????????????????????????????????? | | ?????????????????????????????????????????????????? | | ?????????????????????????????????????????????????? | +----------------------------------------------------+ Best States ------------- Heat Dissipation 38 Energy Generation 14 Energy Capacity 250 Matter Stores 300 Matter Capacity 300 Sight Range 16 Terrain Scan Range 16 Terrain Scan Density 10 Evasion (%) 55 Recoil Reduction 2 Item Schematics ----------------- None Robot Schematics ------------------ None Fabricated ------------ Nothing Alien Tech Used ----------------- None Achievements -------------- Fist Fight Challenges ------------ None Game ------ Seed QuantumTransmissionFrame Manual? 0 Play Time 00:15:05 Cumulative 3.4 hours Start 2024.04.07 @ 00:03:00 End 2024.04.07 @ 00:17:18 Sessions 1 Manual Loads 0 Difficulty Rogue Special Mode None Game No. 8 Rogue 7 Adventurer 0 Explorer 1 Win Type - Total 0 Types 0/0/0/0/0/0/0/0/0 Lore% 1 Gallery% 7 Achievement% 7 Wizard Run 0 Options --------- Layout 0 ASCII 0 Keyboard 1 Movement Arrows Keybinds 0 Fullscreen 2 Font 24/Crisp Map View 76x50 Zoom Use 0% Tactical HUD 1 Map Filters NONE Filters NONE Steam 1 RUN: 84c084af-4127-4c01-82a7-54c590adff98